 Dungeon Crawl Stone Soup version 0.29-a0-221-gceb61267dd (webtiles) character file.

Game seed: 211165108392005559

30 Sweetruy1997 the Skirmisher (level 3, -1/33 HPs)
             Began as a Hill Orc Fighter on Feb 26, 2022.
             Slain by a gnoll
             ... wielding a +0 whip
              (4 damage)
             ... on level 2 of the Dungeon.
             The game lasted 00:02:39 (1134 turns).

Sweetruy1997 the Skirmisher (Hill Orc Fighter)      Turns: 1134, Time: 00:02:39

Health: -1/33      AC:  7    Str: 15 (18) XL:     3   Next: 20%
Magic:  3/3        EV:  8    Int:  7 (8)  God:
Gold:   37         SH:  4    Dex: 10 (12) Spells: 2/2 levels left

rFire   . . .      SeeInvis .   a - +0 war axe
rCold   + . .      Faith    .   c - +0 buckler
rNeg    . . .      Spirit   .   b - +0 scale mail
rPois   .          Reflect  .   (no helmet)
rElec   .          Harm     .   (no cloak)
rCorr   .          Rampage  .   (no gloves)
Will    .....                   (no boots)
Stlth   ..........              (no amulet)
HPRegen 0.11/turn               (no ring)
MPRegen 0.08/turn               (no ring)

@: mighty
A: cold resistance 1, deterioration 1
a: no special abilities


You were on level 2 of the Dungeon.
You visited 1 branch of the dungeon, and saw 2 of its levels.

You collected 37 gold pieces.

Inventory:

Hand Weapons
 a - a +0 war axe (weapon)
Armour
 b - a +0 scale mail (worn)
 c - a +0 buckler (worn)
Scrolls
 f - 2 scrolls of immolation {unknown}
 h - a scroll of teleportation {unknown}
 i - a scroll of identify {unknown}
Potions
 d - a potion of might


   Skills:
 - Level 4.0 Fighting
 + Level 3.2 Axes
 + Level 3.7 Armour
 + Level 0.1 Dodging
 + Level 3.7 Shields


You had 2 spell levels left.
You didn't know any spells.
Your spell library was empty.

Dungeon Overview and Level Annotations

Branches:
Dungeon (2/15)

Altars:


Innate Abilities, Weirdness & Mutations

Your flesh is cold resistant. (rC+)
Your body sometimes deteriorates upon taking damage.


Message History

You kill the bat!
The rat bites you but does no damage.
You barely miss the rat.
A scorpion comes into view.
The rat closely misses you.
You closely miss the rat. The rat misses you. The gnoll barely misses you.
You block the rat's attack.
You hit the gnoll.
The gnoll is lightly wounded.
You barely miss the gnoll. You barely miss the rat.
The gnoll hits you with a +0 flail. The rat bites you but does no damage.
You block the gnoll's attack. The gnoll hits you but does no damage.
Sorry, you're not good enough to have a special ability.
You hit the gnoll.
The gnoll is heavily wounded.
You slash the rat!
You kill the rat!
You closely miss the gnoll. You hit the gnoll.
The gnoll hits you with a +0 flail. The gnoll hits you with a +0 whip. x2
The gnoll hits you with a +0 flail.
You feel very mighty all of a sudden. You block the gnoll's attack.
The gnoll hits you but does no damage. The gnoll hits you with a +0 flail!
It was a potion of degeneration.
There was something very wrong with that liquid.
You feel weakened.
You feel dopey.
You feel clumsy. The gnoll barely misses you. The gnoll completely misses you.
The gnoll barely misses you.
It was a potion of mutation.
You feel extremely strange.
You feel yourself wasting away.
You feel resistant to cold. The gnoll hits you with a +0 whip.
* * * LOW HITPOINT WARNING * * *
The gnoll hits you with a +0 whip.
* * * LOW HITPOINT WARNING * * *
The gnoll hits you but does no damage.
You closely miss the gnoll.
The gnoll is moderately wounded.
You hit the gnoll. x2; The gnoll barely misses you.
The gnoll hits you with a +0 whip.
You die...

.# #.......# .#
#######.#
<####......########
###.....#........>.
.......<....######
.##.#.#....(...# #######
....#..........+ .......
###.####..##...##.......
...............g@†......
.#..####..#....#ggw.....
.#...#....#..###s.......
[#...#.#..#..# #........
.#####.#.....# #........
.#........#'####........
.#.#..........##........
.#.#..........##........
.#.#..........#


You could see a worm, a scorpion and 3 gnolls.

Vanquished Creatures
  A worm (D:2)
  2 endoplasms (D:1)
  A giant cockroach (D:1)
  5 goblins (D:1)
  2 hobgoblins (D:1)
  2 kobolds (D:1)
  4 quokkas (D:1)
  3 bats
  2 frilled lizards (D:1)
  2 rats (D:2)
24 creatures vanquished.

Notes
Turn   | Place    | Note
-------+----------+-------------------------------------------
     0 | D:1      | Sweetruy1997 the Hill Orc Fighter began the quest for the
                  | Orb.
     0 | D:1      | Reached XP level 1. HP: 19/19 MP: 1/1
   127 | D:1      | Reached XP level 2. HP: 24/27 MP: 2/2
   299 | D:1      | Reached skill level 4 in Fighting
   689 | D:1      | Reached XP level 3. HP: 33/33 MP: 3/3
  1127 | D:2      | Noticed a scorpion
  1133 | D:2      | Gained mutation: Your body sometimes deteriorates upon
                  | taking damage. [potion of mutation]
  1133 | D:2      | Gained mutation: Your flesh is cold resistant. (rC+)
                  | [potion of mutation]
  1134 | D:2      | Slain by a gnoll

Illustrated notes

Levels and vault maps discovered:
D:1:      dpeg_arrival_shrine, layout_loops_ring
D:2:      cheibrodos_pilgrimage, layout_basic,
          hellmonk_ecumenical_altar_watching_god, basic_altar

Skill      XL: |  1  2 |
---------------+-------+-----
Axes           | 3 |  3.2
Fighting       | 4 |  4.0
Armour         | |  3.7
Dodging        | |  0.1
Shields        | |  3.7

Action                   || total
-------------------------++-------
Melee: War axe           ||    58
  Use: Potion            ||     3
Armor: Scale mail        ||    28
Dodge: Dodged            ||    30
Block: Buckler           ||    18

Table legend: (Time is in decaauts)
 A = Elapsed time spent in this place.
 B = Non-inter-level travel time spent in this place.
 C = Inter-level travel time spent in this place.
 D = Time resting spent in this place.
 E = Time spent auto-exploring this place.
 F = Levels seen in this place.
 G = Mean time per level.
                   A        B        C        D        E       F      G
               +--------+--------+--------+--------+--------+-----+--------+
         Total |   1158 |   1130 |     28 |      0 |    940 |   2 |  579.0 |
       Dungeon |   1158 |   1130 |     28 |      0 |    940 |   2 |  579.0 |
               +--------+--------+--------+--------+--------+-----+--------+

Top non-repeatable levels by time:
     D:1: 954 daAuts
     D:2: 203 daAuts
